 Dungeon Crawl Stone Soup version 0.19.4 (webtiles) character file.

110 Zabulonas the Shooter (level 4, 0/37 HPs)
             Began as a Centaur Hunter on Jan 31, 2017.
             Was a Follower of Elyvilon.
             Succumbed to an adder's poison
             ... on level 3 of the Dungeon.
             The game lasted 00:26:20 (3343 turns).

Zabulonas the Shooter (Centaur Hunter)              Turns: 3343, Time: 00:26:21

Health: 0/37       AC:  6    Str: 15    XL:     4   Next: 61%
Magic:  4/4        EV:  9    Int: 10    God:    Elyvilon [*.....]
Gold:   119        SH:  5    Dex: 10    Spells: 0 memorised, 3 levels left

rFire  . . .     SeeInvis .     q - +1 dagger (venom)
rCold  . . .     Gourm    .     c - +1 leather armour
rNeg   . . .     Faith    .     (no shield)
rPois  .         Spirit   .     (no helmet)
rElec  .         Reflect  +     (no cloak)
rCorr  .         Harm     .     u - +0 pair of gloves
MR     .....                    (no barding)
Stlth  +.........               n - +5 amulet of reflection
                                (no ring)
                                y - -3 ring of slaying

@: lethally poisoned (0 -> -2), very quick
A: hooves 3, deformed body, speed 2, tough skin 3
a: Lesser Healing, Divine Protection, Renounce Religion


You were on level 3 of the Dungeon.
You worshipped Elyvilon.
Elyvilon was aware of your devotion.
You were full.

You visited 1 branch of the dungeon, and saw 3 of its levels.

You collected 119 gold pieces.

Inventory:

Hand Weapons
 a - a +1 shortbow
 j - a +0 hunting sling
 q - a +1 dagger of venom (weapon)
Missiles
 d - 3 arrows
 p - 11 sling bullets
 B - 37 bolts
Armour
 c - a +1 leather armour (worn)
 u - a +0 pair of gloves (worn)
Jewellery
 n - a +5 amulet of reflection (around neck)
 o - a +3 amulet of reflection
 y - a -3 ring of slaying (left hand)
Wands
 f - a wand of iceblast (8/15)
 C - a wand of acid (4/15)
Scrolls
 e - a scroll of magic mapping
Potions
 g - a potion of cure mutation
 h - a potion of resistance {unknown}
 k - a potion of haste {unknown}
 l - a potion of flight {unknown}
 A - a potion of curing {unknown}
Comestibles
 i - a meat ration
 r - a slice of pizza


   Skills:
 + Level 2.6 Fighting
 + Level 0.9 Slings
 + Level 6.8 Bows
 + Level 1.0 Armour
 + Level 1.4 Dodging
 + Level 0.7 Stealth


You had 3 spell levels left.
You didn't know any spells.

Dungeon Overview and Level Annotations

Branches:
Dungeon (3/15)

Altars:
Elyvilon
Nemelex Xobeh


Innate Abilities, Weirdness & Mutations

You have hooves in place of feet.
Armour fits poorly on your strangely shaped body.
You cover ground very quickly.
You have extremely tough skin. (AC +3)


Message History

You closely miss the adder.
The adder is heavily wounded.
The adder bites you but does no damage.
You miss the adder.
The adder is heavily wounded.
You feel sick. The adder bites you but does no damage.
You barely miss the adder. Your kick misses the adder.
The adder is heavily wounded.
The adder barely misses you. The adder bites you.
* * * LOW HITPOINT WARNING * * *
You barely miss the adder. Your kick misses the adder.
The adder is heavily wounded.
You block the adder's attack.
You miss the adder.
The adder is heavily wounded.
The adder bites you.
* * * LOW HITPOINT WARNING * * *
You barely miss the adder. Your kick misses the adder.
The adder is heavily wounded.
You die...

..........#
##...####.# ###
###..## #. ..#
..##..# #..######.#
..##.## #.....(...#
.##..# #(...(.#..#
##..## ##..##)#..#
#...# #..##(#..#
..#'## #(....S@.#
.#...## ##......##
......## ######.#
.......## ##.##.#
......<.####...#.#
........'........####
........####........#
.......## ##.#...#.#
#.....## #.#...#.#


You could see an adder.

Vanquished Creatures
  Jessica (D:3)
  A gnoll (D:1)
  An adder (D:2)
  An ooze (D:3)
  A worm (D:2)
  2 dart slugs (D:1)
  2 leopard geckos
  4 bats (D:1)
  3 giant cockroaches
  7 goblins
  6 hobgoblins
  3 frilled lizards
  10 kobolds
  11 rats
53 creatures vanquished.

Notes
Turn   | Place    | Note
-------+----------+-------------------------------------------
     0 | D:1      | Zabulonas the Centaur Hunter began the quest for the Orb.
     0 | D:1      | Reached XP level 1. HP: 17/17 MP: 1/1
   218 | D:1      | Reached XP level 2. HP: 12/24 MP: 2/2
   295 | D:1      | Reached skill level 6 in Bows
   517 | D:1      | Reached XP level 3. HP: 23/30 MP: 3/3
  1935 | D:2      | Found a white marble altar of Elyvilon.
  1958 | D:2      | Became a worshipper of Elyvilon the Healer
  2413 | D:2      | Reached XP level 4. HP: 30/37 MP: 4/4
  3138 | D:3      | Reached * piety under Elyvilon
  3171 | D:3      | Found a sparkling altar of Nemelex Xobeh.
  3171 | D:3      | Noticed Jessica
  3180 | D:3      | Killed Jessica
  3243 | D:3      | Reached skill level 1 in Armour
  3342 | D:3      | HP: 1/37 [adder (2)]
  3343 | D:3      | Succumbed to an adder's poison

Skill      XL: |  1  2  3  4 |
---------------+-------------+-----
Bows           | 6 |  6.8
Armour         | 1 |  1.0
Fighting       | |  2.6
Slings         | |  0.9
Dodging        | |  1.4
Stealth        | |  0.7

Action                   |  1- 3 |  4- 6 || total
-------------------------+-------+-------++-------
Melee: Shortbow          |    24 |       ||    24
       Kick              |     4 |     2 ||     6
       Dagger            |       |     9 ||     9
       Short sword       |       |     4 ||     4
 Fire: Shortbow          |   121 |    26 ||   147
       Hunting sling     |       |    66 ||    66
Throw: Stone             |       |    12 ||    12
  Use: Scroll            |     6 |     1 ||     7
       Potion            |     1 |       ||     1
  Eat: Bread ration      |     2 |       ||     2
Armor: Leather armour    |    33 |    40 ||    73
Dodge: Dodged            |    51 |    37 ||    88
Block: Other             |       |    29 ||    29
